 Dungeon Crawl Stone Soup version 0.24-a0-170-gd8427f5 (webtiles) character file.

Game seed: 35159582374073359

6959 XanderDroid the Cleaver (level 10, 0/91 HPs)
             Began as a Minotaur Berserker on Mar 8, 2019.
             Was a High Priest of Trog.
             Slain by a hornet (6 damage)
             ... on level 10 of the Dungeon.
             The game lasted 00:20:42 (7464 turns).

XanderDroid the Cleaver (Minotaur Berserker)        Turns: 7464, Time: 00:20:43

Health: 0/91       AC: 16    Str: 24    XL:     10   Next: 81%
Magic:  9/9        EV: 10    Int:  4    God:    Trog [*****.]
Gold:   487        SH:  0    Dex: 11    Spells: 9/9 levels left

rFire    + . .     SeeInvis .   a - +4 broad axe (distort)
rCold    . . .     Gourm    .   (no shield)
rNeg     . . .     Faith    .   p - +1 plate armour
rPois    .         Spirit   .   (helmet restricted)
rElec    .         Reflect  .   (no cloak)
rCorr    .         Harm     .   l - +0 pair of gloves "Keriel" {rF+} (curse)
MR       ++...                  (no boots)
Stlth    ..........             (no amulet)
HPRegen  0.25/turn              r - ring of protection from magic
MPRegen  0.11/turn              o - ring of protection from magic

@: slowed, very slow
A: retaliatory headbutt, horns 2
a: Berserk, Trog's Hand, Brothers in Arms, Renounce Religion


You were on level 10 of the Dungeon.
You worshipped Trog.
Trog was extremely pleased with you.
You were not hungry.

You visited 2 branches of the dungeon, and saw 11 of its levels.

You collected 487 gold pieces.

Inventory:

Hand Weapons
 a - a +4 broad axe of distortion (weapon)
 b - a +1 scimitar of flaming
 d - a +0 war axe
Armour
 l - the cursed +0 pair of gloves "Keriel" (worn) {rF+}
   (You found it on level 5 of the Dungeon)

   It protects you from fire.
   It has a curse placed upon it.
 p - a +1 plate armour (worn)
Jewellery
 o - a ring of protection from magic (right hand)
 r - a ring of protection from magic (left hand)
 G - an uncursed ring of stealth {unknown}
Wands
 n - a wand of flame (18)
 z - a wand of iceblast (20)
 C - a wand of digging (5)
Scrolls
 e - 2 scrolls of teleportation
 f - a scroll of enchant armour
 g - 4 scrolls of remove curse
 m - a scroll of magic mapping {unknown}
 s - a scroll of random uselessness {unknown}
 t - a scroll of blinking {unknown}
 v - a scroll of enchant weapon {unknown}
 x - a scroll of vulnerability {unknown}
 y - 6 scrolls of identify
 B - a scroll of holy word {unknown}
 D - a scroll of summoning {unknown}
 E - a scroll of fog {unknown}
 F - a scroll of immolation
Potions
 h - 2 potions of mutation
 i - a potion of lignification {unknown}
 j - a potion of resistance {unknown}
 k - a potion of berserk rage {unknown}
 q - a potion of curing
 u - 3 potions of haste
 w - a potion of heal wounds {unknown}
 A - a potion of magic {unknown}
Comestibles
 c - 27 rations


   Skills:
 + Level 9.6 Fighting
 * Level 12.7 Axes
 + Level 9.2 Armour
 + Level 8.5 Dodging


You had 9 spell levels left.
You didn't know any spells.
Your spell library was empty.

Dungeon Overview and Level Annotations

Branches:
Dungeon (10/15)            Temple (1/1) D:5            Lair (0/6) D:8
    Orc: D:9-12

Altars:
Ashenzari
Cheibriados
Dithmenos
Elyvilon
Fedhas
Gozag
Hepliaklqana
Kikubaaqudgha
Makhleb
Nemelex Xobeh
Okawaru
Qazlal
Ru
Sif Muna
Trog
Uskayaw
Vehumet
Wu Jian
Xom
Yredelemnul
Zin
The Shining One

Shops:
D:6 =


Innate Abilities, Weirdness & Mutations

You reflexively headbutt those who attack you in melee.
You have a pair of horns on your head.


Message History

* * * LOW HITPOINT WARNING * * *
You shrug off the repeated paralysis!
You closely miss the hornet. Your headbutt misses the hornet.
You feel very sick. The hornet stings you!
* * * LOW HITPOINT WARNING * * *
You suddenly lose the ability to move!
The hornet stings you.
* * * LOW HITPOINT WARNING * * *
You are more poisoned.
You feel as though you will be slow longer.
* * * LOW HITPOINT WARNING * * *
You feel very sick. The hornet stings you.
* * * LOW HITPOINT WARNING * * *
You shrug off the repeated paralysis!
The hornet stings you!
* * * LOW HITPOINT WARNING * * *
You feel as though you will be slow longer.
You can move again.
You feel better. The hornet stings you.
You die...

######.###..# #
####)..........# # #
#...$.....###.##### #
#.##....##...........# #
#..?.....#.#.###...#.###
#...................>...
#........##..###...#.###
#............####.##.#
##.#...@###........#.#
##.y## #######..#.# #.%
#..#.# #.. #.....# #..
#....... #.. ##....##
##. .##.# #. ## .# #


You could see a hornet.

Vanquished Creatures
  Erica (D:8)
  2 hornets
  A spriggan (D:9)
  6 yaks (D:8)
  2 ice beasts
  A phantom (D:5)
  2 sky beasts
  An orc warrior (D:8)
  2 centaurs
  8 ogres
  3 necrophages
  A crocodile (D:10)
  2 big kobolds
  5 bullfrogs
  A water moccasin skeleton (D:8)
  A wyvern skeleton (D:9)
  6 killer bees
  3 howler monkeys (D:6)
  3 crimson imps
  4 jellies
  A centaur skeleton (D:5)
  4 hounds
  5 orc priests
  A bullfrog skeleton (D:4)
  4 iguanas
  17 orc wizards
  10 worker ants
  A killer bee zombie (D:7)
  3 hound skeletons
  A worker ant zombie (D:7)
  3 gnolls (D:9)
  6 adders
  2 shadow imps
  An ooze (D:5)
  2 adder skeletons
  5 worms
  4 dart slugs
  2 leopard geckos
  47 orcs
  4 ball pythons
  17 giant cockroaches
  11 goblins
  4 hobgoblins
  22 jackals
  5 quokkas
  4 bats
  6 frilled lizards
  A jackal zombie (D:6)
  18 kobolds
  A quokka skeleton (D:4)
  A quokka zombie (D:5)
  6 rats
274 creatures vanquished.

Vanquished Creatures (others)
  A two-headed ogre (D:10)
  A water moccasin (D:10)
  A phantom (D:9)
3 creatures vanquished.

Grand Total: 277 creatures vanquished

Notes
Turn   | Place    | Note
-------+----------+-------------------------------------------
     0 | D:1      | XanderDroid the Minotaur Berserker began the quest for the
                  | Orb.
     0 | D:1      | Reached XP level 1. HP: 19/19 MP: 0/0
   124 | D:1      | Reached XP level 2. HP: 23/27 MP: 1/1
   164 | D:1      | Reached skill level 4 in Axes
   544 | D:1      | Reached ** piety under Trog
   788 | D:2      | Reached XP level 3. HP: 33/33 MP: 2/2
  1341 | D:2      | Reached XP level 4. HP: 40/40 MP: 3/3
  1517 | D:3      | Reached *** piety under Trog
  1872 | D:3      | Found a shimmering altar of Xom.
  2003 | D:4      | Reached skill level 5 in Axes
  2037 | D:4      | Reached XP level 5. HP: 19/47 MP: 4/4
  2440 | D:4      | Noticed an ogre
  2449 | D:4      | Killed an ogre
  2449 | D:4      | Reached skill level 6 in Axes
  2449 | D:4      | Reached XP level 6. HP: 55/55 MP: 5/5
  2453 | D:4      | Reached skill level 5 in Fighting
  3239 | D:5      | Entered Level 5 of the Dungeon
  3342 | D:5      | Reached **** piety under Trog
  3461 | D:5      | Reached XP level 7. HP: 60/61 MP: 6/6
  3463 | D:5      | Reached skill level 7 in Axes
  3595 | D:5      | Found a staircase to the Ecumenical Temple.
  3611 | D:5      | Reached skill level 5 in Armour
  3652 | D:5      | Got a pair of steaming gloves
  3660 | D:5      | Identified the cursed +0 pair of gloves "Keriel" {rF+} (You
                  | found it on level 5 of the Dungeon)
  3808 | Temple   | Entered the Ecumenical Temple
  4195 | D:6      | Got an encrusted cloak
  4201 | D:6      | Identified the +0 cloak of Dawn {rC- rCorr Str+5 Int+4}
                  | (You found it on level 6 of the Dungeon)
  4249 | D:6      | Reached skill level 8 in Axes
  4249 | D:6      | Reached XP level 8. HP: 57/70 MP: 7/7
  4254 | D:6      | Reached skill level 5 in Dodging
  4270 | D:6      | Reached ***** piety under Trog
  4358 | D:6      | Reached skill level 9 in Axes
  4582 | D:6      | Found Qachifoz's Jewellery Emporium.
  4708 | D:6      | Reached XP level 9. HP: 39/79 MP: 8/8
  4711 | D:6      | Received a gift from Trog
  4813 | D:6      | Found a burning altar of Makhleb.
  5009 | D:7      | Found a stormy altar of Qazlal.
  5196 | D:7      | Reached skill level 10 in Axes
  5222 | D:7      | Found a glowing golden altar of the Shining One.
  5443 | D:7      | Found an ornate altar of the Wu Jian Council.
  5678 | D:7      | Found a shattered altar of Ashenzari.
  5912 | D:8      | Noticed Erica
  5922 | D:8      | Reached skill level 11 in Axes
  5933 | D:8      | Killed Erica
  5933 | D:8      | Reached XP level 10. HP: 57/90 MP: 9/9
  5946 | D:8      | Received a gift from Trog
  6051 | D:8      | Found a radiant altar of Vehumet.
  6126 | D:8      | Found a staircase to the Lair.
  6617 | D:9      | Reached skill level 12 in Axes
  6689 | D:9      | Received a gift from Trog
  7343 | D:10     | Entered Level 10 of the Dungeon
  7345 | D:10     | Noticed a two-headed ogre
  7348 | D:10     | Banished a two-headed ogre
  7457 | D:10     | Paralysed by a hornet for 3 turns
  7462 | D:10     | Paralysed by a hornet for 2 turns
  7463 | D:10     | HP: 1/91 [hornet (7)]
  7464 | D:10     | Slain by a hornet

Levels and vault maps discovered:
D:1:      mrwooster_arrival_statue, layout_loops_ring, minmay_ruptured
D:2:      minmay_roachtagon, layout_rooms
D:3:      layout_rooms, nicolae_overflow_hidden_temple, first_ration
D:4:      layout_layer_cave
D:5:      layout_rooms, minmay_temple_entry_drinking_statues
D:6:      layout_rooms, lemuel_doored_altar, serial_shops, shop, minivault_22
D:7:      layout_gridville, kennysheep_little_box, marbit_many_paths,
          old_standard_altar, basic_altar, hangedman_decor_riveting
D:8:      layout_rooms, lemuel_crystal_altar, lair_entry_dummy, uniq_erica
D:9:      layout_roguey, the_bakery
D:10:     layout_loops_ring, kennysheep_cross_room, uniq_joseph, uniq_josephine,
          uniq_fannar
Temple:   eino_temple_rhombus

Skill      XL: |  1  2  3  4  5  6  7  8  9 10 |
---------------+-------------------------------+-----
Axes           | 4 5 6 8 9 11 12 | 12.7
Fighting       | 4 5 6 7 8 9 |  9.6
Armour         | 3 4 5 6 8 9 |  9.2
Dodging        | 3 4 6 7 8 |  8.5

Action                   |  1- 3 |  4- 6 |  7- 9 | 10-12 || total
-------------------------+-------+-------+-------+-------++-------
Melee: Hand axe          |    87 |   177 |   105 |       ||   369
       Headbutt          |    12 |    28 |    71 |    25 ||   136
       War axe           |       |       |   212 |    83 ||   295
       Broad axe         |       |       |       |    44 ||    44
Invok: Berserk           |       |     1 |     1 |       ||     2
  Use: Scroll            |       |     5 |     3 |     4 ||    12
       Potion            |       |       |       |     1 ||     1
 Stab: Sleeping          |       |     1 |       |       ||     1
  Eat: Chunk             |     1 |     8 |     9 |     5 ||    23
Armor: Animal skin       |     1 |       |       |       ||     1
       Leather armour    |    21 |    15 |       |       ||    36
       Plate armour      |       |    92 |   173 |    88 ||   353
Dodge: Dodged            |    73 |    81 |   141 |    79 ||   374

Table legend:
 A = Non-vault XP
 B = Vault XP
 C = Vault XP percentage of total XP
 D = Non-vault monster count
 E = Vault monster count
 F = Vault count percentage of total count
                 A         B        C        D         E       F
            +---------+---------+-------+---------+---------+-------
      Total |    8788 |    1154 |  11.6 |     262 |      15 |   5.4
            +---------+---------+-------+---------+---------+-------
        D:1 |      35 |       0 |   0.0 |      21 |       0 |   0.0
        D:2 |      41 |      24 |  36.9 |      15 |      12 |  44.4
        D:3 |      51 |       0 |   0.0 |      23 |       0 |   0.0
        D:4 |     344 |       0 |   0.0 |      21 |       0 |   0.0
        D:5 |     800 |       0 |   0.0 |      41 |       0 |   0.0
        D:6 |    1653 |       0 |   0.0 |      44 |       0 |   0.0
        D:7 |    1541 |      13 |   0.8 |      43 |       1 |   2.3
        D:8 |    2023 |     902 |  30.8 |      24 |       1 |   4.0
        D:9 |    1543 |     215 |  12.2 |      27 |       1 |   3.6
       D:10 |     757 |       0 |   0.0 |       3 |       0 |   0.0
            +---------+---------+-------+---------+---------+-------
